 Dungeon Crawl Stone Soup version 0.24.0-123-gd5b16e6ec5 (webtiles) character file.

Game seed: 1824029314404238077, levelgen mode: deterministic

400471 1994 the Brawler (level 22, -5/231 HPs)
             Began as a Troll Fighter on Jan 30, 2020.
             Was a High Priest of Ru.
             Slain by a vault warden
             ... wielding a +1 great sword of holy wrath
              (15 damage)
             ... while paralysed by a sphinx
             ... on level 4 of the Vaults.
             The game lasted 02:58:23 (47876 turns).

1994 the Brawler (Troll Fighter)                   Turns: 47876, Time: 02:58:23

Health: -5/231     AC: 21    Str: 40    XL:     22   Next: 27%
Magic:  13/21      EV:  1    Int:  7    God:    Ru [*****.]
Gold:   3134       SH:  0    Dex: 13    Spells: 20/21 levels left

rFire    . . .     SeeInvis .     - Unarmed
rCold    . . .     Gourm    +   U - +5 large shield of Veucetont {Str+4}
rNeg     + + +     Faith    .   r - +0 shadow dragon scales of the Five Deaths {rN++ Str+2 Stlth++++}
rPois    +         Spirit   .   S - +2 hat
rElec    .         Reflect  +   F - +1 cloak
rCorr    .         Harm     .   (gloves unavailable)
MR       ++...                  (boots unavailable)
Stlth    ..........             k - +3 amulet of reflection
HPRegen  0.88/turn              J - ring of protection from magic
MPRegen  0.17/turn              D - ring "Yvvusorgh" {*Drain rPois rN+++ Str+4 Slay+3}

@: paralysed, exhausted, drained
A: large, unfitting armour, claws 3, fast metabolism 3, gourmand, regeneration
1, shaggy fur 1, tough skin 3, no stealth, inability to train dodging, no
conjurations magic, no ice magic, no necromancy magic, disrupted magic 3,
unskilled 1
}: 2/15 runes: decaying, serpentine
a: Draw Out Power, Power Leap, Apocalypse, Renounce Religion


You were on level 4 of the Vaults.
You worshipped Ru.
Ru was extremely pleased with you.
You were very full.

You visited 8 branches of the dungeon, and saw 39 of its levels.
You visited the Abyss 1 time.
You also visited: Trove, Gauntlet, Volcano and Desolation.

You collected 4480 gold pieces.
You spent 1346 gold pieces at shops.

Inventory:

Hand Weapons
 j - a +4 scimitar of flaming
Missiles
 h - 22 large rocks (quivered)
 E - 18 curare-tipped darts
 H - 2 throwing nets
 O - 1367 stones
 Q - 46 boomerangs
Armour
 l - a +2 robe of magic resistance
 r - the +0 shadow dragon scales of the Five Deaths (worn) {rN++ Str+2 Stlth++++}
   (You acquired it on level 6 of the Lair of Beasts)

   It affects your strength (+2).
   It greatly protects you from negative energy.
   It makes you much more stealthy.
 F - a +1 cloak (worn)
 S - a +2 hat (worn)
 U - the +5 large shield of Veucetont (worn) {Str+4}
   (You acquired it on level 2 of the Snake Pit)

   It affects your strength (+4).
Magical Staves
 Y - an uncursed staff of air
Jewellery
 k - a +3 amulet of reflection (around neck)
 s - the ring of Agnosticism {+Fly AC+5 Dex+4}
   (You took it off a servant of whispers in the Desolation of Salt)

   [ring of protection]

   It affects your AC (+5).
   It affects your dexterity (+4).
   It lets you fly.
 u - the amulet of Xair {Faith Str+3}
   (You found it in the Desolation of Salt)

   [amulet of faith]

   It allows you to gain divine favour quickly.
   It affects your strength (+3).
 w - an uncursed ring of protection from fire
 A - a +2 ring of intelligence
 B - an uncursed ring of see invisible
 D - the ring "Yvvusorgh" (right claw) {*Drain rPois rN+++ Str+4 Slay+3}
   (You found it on level 5 of the Dungeon)

   [ring of poison resistance]

   It affects your strength (+4).
   It affects your accuracy and damage with ranged weapons and melee attacks
   (+3).
   It protects you from poison.
   It renders you almost immune to negative energy.
   It causes draining when unequipped.
 J - a ring of protection from magic (left claw)
 W - an uncursed ring of protection from cold
Wands
 m - a wand of clouds (10)
 G - a wand of enslavement (31)
 M - a wand of paralysis (14)
 Z - a wand of polymorph (20)
Scrolls
 f - 11 scrolls of identify
 n - 6 scrolls of blinking
 o - 6 scrolls of fear
 p - 6 scrolls of fog
 q - 5 scrolls of immolation
 t - 2 scrolls of magic mapping
 v - 15 scrolls of remove curse
 R - 14 scrolls of teleportation
Potions
 a - 16 potions of curing
 b - 12 potions of heal wounds
 c - 8 potions of might
 e - 5 potions of magic
 g - 5 potions of resistance
 i - 6 potions of haste
 x - 4 potions of agility
 z - 10 potions of brilliance
 C - 4 potions of invisibility
 I - 3 potions of cancellation
 L - 6 potions of lignification
 N - 7 potions of berserk rage
 V - 5 potions of flight
Comestibles
 d - 80 rations
 K - 3 chunks of flesh


   Skills:
 + Level 16.1(14.7) Fighting
 - Level 7.7(6.6) Throwing
 - Level 7.1(6.0) Armour
 * Level 15.7(14.3) Shields
 + Level 20.8(19.3) Unarmed Combat


You had 20 spell levels left.
You knew the following spells:

 Your Spells              Type           Power        Failure   Level  Hunger
a - Beastly Appendage     Tmut           #.....       96%         1    ##.....

Your spell library contained the following spells:

 Spells                   Type           Power        Failure   Level  Hunger
 Apportation              Tloc           #.....       96%         1    ##.....
 Confusing Touch          Hex            #.....       96%         1    ##.....
 Corona                   Hex            #......      96%         1    ##.....
 Infusion                 Chrm           #...         96%         1    ##.....
 Sandblast                Erth           #.....       96%         1    ##.....
 Summon Butterflies       Summ           #.......     96%         1    ##.....
 Summon Small Mammal      Summ           #...         96%         1    ##.....
 Call Imp                 Summ           #.......     99%         2    ###....
 Passwall                 Tmut/Erth      #.......     99%         2    ###....
 Shroud of Golubria       Chrm/Tloc      #.....       99%         2    ###....
 Song of Slaying          Chrm           #.......     99%         2    ###....
 Sticks to Snakes         Tmut           #.......     99%         2    ###....
 Swiftness                Chrm/Air       #.......     99%         2    ###....
 Call Canine Familiar     Summ           #.......     100%        3    ####...
 Confuse                  Hex            #.......     100%        3    ####...
 Gell's Gravitas          Tloc           #.........   100%        3    ####...
 Ignite Poison            Fire/Tmut/Pois #.......     100%        3    ####...
 Spectral Weapon          Hex/Chrm       #.......     100%        3    ####...
 Spider Form              Tmut/Pois      #.........   100%        3    ####...
 Summon Guardian Golem    Hex/Summ       #.......     100%        3    ####...
 Tukima's Dance           Hex            #.......     100%        3    ####...
 Airstrike                Air            #.........   100%        4    #####..
 Leda's Liquefaction      Hex/Erth       #.........   100%        4    #####..
 Olgreb's Toxic Radiance  Pois           #.......     100%        4    #####..
 Passage of Golubria      Tloc           N/A          100%        4    #####..
 Petrify                  Tmut/Erth      #.......     100%        4    #####..
 Summon Lightning Spire   Summ/Air       #.......     100%        4    #####..
 Blade Hands              Tmut           #.........   100%        5    ######.
 Lee's Rapid Deconstruct  Erth           #.........   100%        5    ######.
 Summon Mana Viper        Hex/Summ       #.......     100%        5    ######.
 Yara's Violent Unravell  Hex/Tmut       #.........   100%        5    ######.
 Darkness                 Hex            #.........   100%        6    #######
 Deflect Missiles         Chrm/Air       #.........   100%        6    #######
 Hydra Form               Tmut           #.........   100%        6    #######
 Invisibility             Hex            #.......     100%        6    #######
 Statue Form              Tmut/Erth      #........    100%        6    #######
 Ring of Flames           Chrm/Fire      #.........   100%        7    #######
 Summon Hydra             Summ           #.........   100%        7    #######
 Ignition                 Fire           #.........   100%        8    #######
 Tornado                  Air            #.........   100%        9    #######
 Animate Skeleton         Necr           Unusable     N/A         1    N/A
 Flame Tongue             Conj/Fire      Unusable     N/A         1    N/A
 Freeze                   Ice            Unusable     N/A         1    N/A
 Magic Dart               Conj           Unusable     N/A         1    N/A
 Pain                     Necr           Unusable     N/A         1    N/A
 Shock                    Conj/Air       Unusable     N/A         1    N/A
 Ensorcelled Hibernation  Hex/Ice        Unusable     N/A         2    N/A
 Searing Ray              Conj           Unusable     N/A         2    N/A
 Sublimation of Blood     Necr           Unusable     N/A         2    N/A
 Throw Frost              Conj/Ice       Unusable     N/A         2    N/A
 Conjure Flame            Conj/Fire      Unusable     N/A         3    N/A
 Dazzling Spray           Conj/Hex       Unusable     N/A         3    N/A
 Mephitic Cloud           Conj/Pois/Air  Unusable     N/A         3    N/A
 Ozocubu's Armour         Chrm/Ice       Unusable     N/A         3    N/A
 Regeneration             Chrm/Necr      Unusable     N/A         3    N/A
 Static Discharge         Conj/Air       Unusable     N/A         3    N/A
 Stone Arrow              Conj/Erth      Unusable     N/A         3    N/A
 Animate Dead             Necr           Unusable     N/A         4    N/A
 Force Lance              Conj/Tloc      Unusable     N/A         4    N/A
 Fulminant Prism          Conj/Hex       Unusable     N/A         4    N/A
 Ice Form                 Ice/Tmut       Unusable     N/A         4    N/A
 Iskenderun's Mystic Bla  Conj           Unusable     N/A         4    N/A
 Summon Ice Beast         Ice/Summ       Unusable     N/A         4    N/A
 Throw Icicle             Conj/Ice       Unusable     N/A         4    N/A
 Agony                    Necr           Unusable     N/A         5    N/A
 Borgnjor's Vile Clutch   Necr/Erth      Unusable     N/A         5    N/A
 Excruciating Wounds      Chrm/Necr      Unusable     N/A         5    N/A
 Fireball                 Conj/Fire      Unusable     N/A         5    N/A
 Metabolic Englaciation   Hex/Ice        Unusable     N/A         5    N/A
 Bolt of Fire             Conj/Fire      Unusable     N/A         6    N/A
 Conjure Ball Lightning   Conj/Air       Unusable     N/A         6    N/A
 Death Channel            Necr           Unusable     N/A         6    N/A
 Freezing Cloud           Conj/Ice/Air   Unusable     N/A         6    N/A
 Ozocubu's Refrigeration  Ice            Unusable     N/A         6    N/A
 Simulacrum               Ice/Necr       Unusable     N/A         6    N/A

Dungeon Overview and Level Annotations

Branches:
Dungeon (15/15)            Temple (1/1) D:6            Lair (6/6) D:10
  Swamp (4/4) Lair:3        Snake (4/4) Lair:2        Slime (0/5) Lair:5
    Orc (2/2) D:11            Elf (3/3) Orc:2        Vaults (3/5) D:14
  Crypt (0/3) Vaults:3     Depths (0/5) D:15        Volcano (visited)
Desolation (visited)      Gauntlet (visited)

Altars:
Ashenzari
Cheibriados
Dithmenos
Elyvilon
Gozag
Hepliaklqana
Kikubaaqudgha
Makhleb
Nemelex Xobeh
Okawaru
Qazlal
Ru
Sif Muna
Trog
Uskayaw
Vehumet
Wu Jian
Xom
Yredelemnul
Zin
The Shining One
Beogh

Shops:
D:7 !   D:10 (   D:12 *   D:13 ?   Orc:2 *:**   Snake:2 **   Vaults:2 :
Vaults:3 !

Annotations:
D:10 2 runed translucent doors, exclusions: 2 doors and upstairs, Naew's ghost, novice GnSk
Swamp:4 exclusion: 2 doors, Lernaean hydra
Snake:3 1 runed translucent door, McKennaii's ghost, adept DrCj
Snake:4 exclusion: 3 doors


Innate Abilities, Weirdness & Mutations

You are too large for most types of armour.
You have claws for hands.
Your metabolism is lightning-fast.
You like to eat raw meat.
Your natural rate of healing is unusually fast.
You are covered in fur. (AC +1)
You have extremely tough skin. (AC +3)
You cannot be stealthy.
You cannot train Dodging skill.
You cannot study or cast Conjurations magic.
You cannot study or cast Ice magic.
You cannot study or cast Necromancy magic.
Your casting is seriously disrupted.
You are somewhat unskilled. (-1 Apt)


Message History

The yaktaur captain shoots a bolt.
You reflect the bolt off an invisible shield around you!
The bolt hits the yaktaur captain!!!
The sphinx mumbles some strange words.
You suddenly lose the ability to move!
Found a bolt.
The ironbrand convoker casts a spell at the sphinx.
The sphinx seems to grow stronger.
The yaktaur captain shoots a bolt.
The bolt hits you!!
* * * LOW HITPOINT WARNING * * *
The vault warden hits you but does no damage.
The vault guard is no longer paralysed.
The yaktaur captain shoots a bolt.
The bolt hits you!
* * * LOW HITPOINT WARNING * * *
The sphinx begins to cast a spell, but is stunned by your will!
The vault warden is no longer blind.
The ironbrand convoker begins to cast a spell, but is stunned by your will!
You redirect the vault warden's attack!
The vault warden hits you with a +1 great sword of holy wrath!
You die...

*,*,,,****+****** *,,,,**,,,**,
*,***** *,......# **,***,,,,,*,
*,******###c....# *,,,*,,,,,*,
*,,,,,,,,.......# ****,*,,,,,**
*****,⌠,###.....# *,,,,**,,,**,
**∩*#.......# *,,*,,**+***,
***#.......# *,,**,,,,,,*,
#.......# *,,*********,
###############@######**********
#...........pppp.......,,,,,,,,,
#..........$.Hp........,,,,,,,,,
#...........).p..##+###******,,,
#................#,,,,,,,,,,*,,,
#................#,,,,,,,,,,*,,,
#................#,,,,,,,,,,*,,,
#...............)#,,,,,,,,,,*,,,
*#................#,,,,,,,,,,*,,,


You could see 2 ironheart preservers, a sphinx, 2 vault wardens, a yaktaur
captain, a vault guard and an ironbrand convoker.

Vanquished Creatures
  Nikola (Elf:3)
  Rupert (D:14)
  6 deep elf blademasters
  2 deep elf master archers (Elf:3)
  Gastronok (Lair:1)
  5 thorn hunters
  A storm dragon (Vaults:1)
  A tengu reaver (Vaults:3)
  9 nagarajas
  A fire giant (Vaults:3)
  7 deep elf sorcerers (Elf:3)
  2 vault wardens (Vaults:2)
  An orc warlord (Vaults:3)
  2 imperial myrmidons (Desolation)
  2 deep elf elementalists
  4 ironheart preservers
  A stone giant (Vaults:3)
  A very ugly thing (Swamp:2)
  An entropy weaver (Vaults:3)
  3 deep elf demonologists
  2 halazid warlocks (Desolation)
  Azrael (D:12)
  10 deep elf annihilators
  A green death (Snake:2)
  A minotaur (Gauntlet)
  Snorg (D:13)
  A crystal guardian (Desolation)
  An eidolon (Vaults:3)
  4 deep elf death magi (Elf:3)
  2 fire dragons
  A yaktaur captain (Vaults:2)
  Fannar (Lair:1)
  11 vault guards
  7 ragged hierophants (Desolation)
  16 naga warriors
  A rakshasa (Vaults:2)
  A deep elf high priest (Elf:3)
  7 servants of whispers (Desolation)
  A catoblepas (Lair:5)
  3 ice dragons
  9 peacekeepers (Desolation)
  23 hydras
  4 shambling mangroves
  4 death knights
  5 centaur warriors
  3 ogre magi
  A deep troll shaman (Vaults:1)
  23 two-headed ogres
  A tengu warrior (D:13)
  12 anacondas
  23 dancing weapons
  9 alligators
  3 death yaks (D:9)
  2 orc high priests (Elf:3)
  8 naga sharpshooters
  Sonja (Lair:3)
  9 shock serpents
  Nergalle (Lair:4)
  10 deep elf knights
  9 skeletal warriors
  A salamander mystic (Snake:2)
  A flayed ghost (Vaults:1)
  A spriggan druid (Swamp:3)
  2 unseen horrors
  9 sea snakes (Snake:4)
  3 wizards
  8 deep trolls
  14 swamp dragons
  A phantasmal warrior (Vaults:1)
  3 glowing orange brains
  6 deep elf archers
  6 ironbrand convokers
  A lindwurm (Lair:6)
  5 harpies (Vaults:2)
  7 naga ritualists
  41 ugly things
  20 orc knights
  53 deep elf magi
  5 wolf spiders
  9 mana vipers
  5 necromancers
  An orb spider (shapeshifter) (Vaults:3)
  3 orc sorcerers
  5 cyclopes
  2 tengu skeletons (Vaults:2)
  9 salamanders
  A shining eye (shapeshifter) (Vaults:3)
  10 elephants
  A sphinx skeleton (Vaults:2)
  2 vault sentinels
  Psyche (D:12)
  2 centaur zombies
  41 black mambas
  A frost giant skeleton (Vaults:2)
  12 guardian serpents
  6 torpor snails
  21 naga magi
  A guardian serpent (shapeshifter) (Vaults:2)
  4 gargoyles
  19 spiny frogs
  An efreet (Volcano)
  7 komodo dragons
  A yaktaur zombie (Vaults:2)
  13 yaktaurs
  2 centaur skeletons
  A rime drake (Lair:4)
  4 freezing wraiths
  A kobold demonologist (D:13)
  A komodo dragon (shapeshifter) (D:13)
  A tengu conjurer (D:13)
  4 trolls
  A meliai (shapeshifter) (Vaults:2)
  18 tyrant leeches
  A sphinx simulacrum (Vaults:2)
  A tyrant leech (shapeshifter) (Vaults:2)
  3 polar bears (Lair:6)
  10 blink frogs
  24 hornets
  18 bog bodies
  A blink frog (shapeshifter) (D:13)
  A meliai zombie (D:11)
  23 slime creatures
  67 saltlings
  7 hippogriffs
  6 dream sheep (Lair:5)
  An alligator zombie (Swamp:1)
  5 redbacks
  4 air elementals
  A tarantella (shapeshifter) (Vaults:2)
  4 water elementals
  A shadow (Vaults:3)
  12 wyverns
  A yak (shapeshifter) (Vaults:1)
  A wyvern (shapeshifter) (Vaults:1)
  5 wraiths
  34 yaks
  A vampire (D:12)
  9 fire elementals
  4 spriggans
  3 basilisks
  18 vampire mosquitoes
  8 wargs
  3 hungry ghosts
  A two-headed ogre zombie (D:11)
  13 insubstantial wisps
  51 nagas
  2 soldier ants (D:11)
  5 acid dragons
  2 hell hounds (D:13)
  25 swamp worms
  19 water moccasins
  5 porcupines
  2 sky beasts
  3 black bears
  12 swamp drakes
  2 phantoms
  An eye of draining (shapeshifter) (D:15)
  2 human zombies (Vaults:2)
  An ice beast (D:11)
  A necrophage (D:7)
  50 orc warriors
  16 ogres
  10 wolves
  7 centaurs
  6 crocodiles
  2 big kobolds
  7 bullfrogs
  An earth elemental (Elf:1)
  A wyvern skeleton (D:5)
  4 scorpions
  A troll zombie (D:11)
  13 wights
  4 electric eels
  5 crimson imps
  3 bullfrog zombies
  5 howler monkeys
  2 human simulacra (Vaults:2)
  17 jellies
  3 quasits
  2 hounds
  22 orc wizards
  23 orc priests
  Crazy Yiuf (D:7)
  Terence (D:2)
  4 iguanas
  6 hell rats (Lair:6)
  10 worker ants
  A killer bee zombie (D:6)
  6 ogre zombies (D:11)
  A hound skeleton (D:6)
  Robin (D:3)
  3 worker ant zombies
  4 gnolls (D:4)
  19 adders
  2 howler monkey skeletons
  A swamp drake zombie (Swamp:1)
  6 shadow imps
  3 oozes
  4 adder zombies
  3 dart slugs
  6 worms
  5 leopard geckos
  97 orcs
  4 ball pythons
  9 bats
  2 giant cockroaches (D:6)
  15 goblins
  8 hobgoblins
  18 jackals
  A quokka (D:7)
  6 frilled lizards
  2 goblin zombies (D:11)
  4 hobgoblin zombies (D:11)
  19 kobolds
  5 orc skeletons (D:11)
  14 orc zombies (D:11)
  10 rats
  2 briar patches (Swamp:3)
  2 butterflies (Lair:4)
  6 fungi
  5 plants
1627 creatures vanquished.

Vanquished Creatures (others)
  A thorn hunter (Swamp:4)
  A green death (Snake:2)
  A yaktaur captain (Vaults:1)
  A hydra (Swamp:2)
  A two-headed ogre (Vaults:3)
  3 deep elf knights
  An unseen horror (D:13)
  A deep elf archer (Elf:1)
  A deep elf mage (Elf:2)
  An ugly thing (D:14)
  A cyclops (Vaults:1)
  A black mamba (Lair:6)
  5 yaktaurs
  A hornet (Swamp:3)
  A tyrant leech (Lair:6)
  2 saltlings (Desolation)
  A spriggan (Swamp:3)
  2 water elementals (Elf:1)
  4 nagas
  3 orc warriors
  A swamp drake (Swamp:4)
  A centaur (D:15)
  A bullfrog (D:14)
  A jelly (D:14)
  7 orcs
  A kobold (D:9)
  3 briar patches
  A bush (Lair:6)
  21 fungi
  27 plants
97 creatures vanquished.

Grand Total: 1724 creatures vanquished

Notes
Turn   | Place    | Note
-------+----------+-------------------------------------------
     0 | D:1      | 1994 the Troll Fighter began the quest for the Orb.
     0 | D:1      | Reached XP level 1. HP: 22/22 MP: 0/0
   133 | D:1      | Reached XP level 2. HP: 25/29 MP: 1/1
   613 | D:2      | Reached XP level 3. HP: 31/36 MP: 2/2
   731 | D:2      | Noticed Terence
   740 | D:2      | Killed Terence
   740 | D:2      | Reached skill level 3 in Unarmed Combat
   756 | D:2      | Reached XP level 4. HP: 40/44 MP: 3/3
   804 | D:2      | Found an opulent altar of Gozag.
  1090 | D:2      | Found a radiant altar of Vehumet.
  1864 | D:3      | Reached XP level 5. HP: 53/53 MP: 4/4
  1981 | D:3      | Reached skill level 4 in Unarmed Combat
  2321 | D:3      | Noticed an ogre
  2322 | D:3      | Noticed Robin
  2342 | D:3      | Reached XP level 6. HP: 61/61 MP: 5/5
  2354 | D:3      | Killed Robin
  2894 | D:3      | Reached skill level 5 in Unarmed Combat
  2987 | D:4      | Reached XP level 7. HP: 59/67 MP: 6/6
  3123 | D:4      | Found a stormy altar of Qazlal.
  3186 | D:4      | Reached skill level 5 in Shields
  3357 | D:4      | Found an ornate altar of the Wu Jian Council.
  3561 | D:4      | Reached skill level 6 in Unarmed Combat
  3701 | D:5      | Entered Level 5 of the Dungeon
  3812 | D:5      | Reached XP level 8. HP: 77/78 MP: 7/7
  3880 | D:5      | Found a stormy altar of Qazlal.
  4094 | D:5      | Got a sparkling golden ring
  4107 | D:5      | Found a shimmering blue altar of Sif Muna.
  4554 | D:6      | Reached skill level 7 in Unarmed Combat
  4711 | D:6      | Found a basalt altar of Yredelemnul.
  4983 | D:6      | Found a staircase to the Ecumenical Temple.
  5037 | Temple   | Entered the Ecumenical Temple
  5124 | Temple   | Became a worshipper of Ru the Awakened
  5243 | D:7      | Found Huinuoll's Distillery.
  5257 | D:7      | Bought a potion of curing for 42 gold pieces
  5336 | D:7      | Reached skill level 5 in Fighting
  5336 | D:7      | Reached XP level 9. HP: 88/88 MP: 8/8
  5400 | D:7      | Reached skill level 8 in Unarmed Combat
  5537 | D:7      | Identified the ring "Yvvusorgh" {*Drain rPois rN+++ Str+4
                  | Slay+3} (You found it on level 5 of the Dungeon)
  5631 | D:7      | Found a runed translucent door.
  5632 | D:7      | Noticed Crazy Yiuf
  5716 | D:7      | Paralysed by Crazy Yiuf for 2 turns
  5718 | D:7      | Cast into level 2 of the Abyss (Crazy Yiuf)
  5765 | D:7      | Escaped the Abyss
  5766 | D:7      | Killed Crazy Yiuf
  6091 | D:8      | Gained mutation: Your casting is slightly disrupted. [Ru
                  | sacrifice]
  7069 | D:9      | Reached skill level 9 in Unarmed Combat
  7086 | D:9      | Found a glowing silver altar of Zin.
  7094 | D:9      | Learned a level 1 spell: Beastly Appendage
  7293 | D:9      | Noticed a two-headed ogre
  7322 | D:9      | Killed a two-headed ogre
  7322 | D:9      | Reached XP level 10. HP: 98/98 MP: 9/9
  7515 | D:9      | Found a shadowy altar of Dithmenos.
  7842 | D:9      | Found a hazy altar of Hepliaklqana.
  7876 | D:10     | Entered Level 10 of the Dungeon
  7876 | D:10     | Noticed a two-headed ogre
  7910 | D:9      | Killed a two-headed ogre
  7910 | D:9      | Reached skill level 10 in Unarmed Combat
  8072 | D:10     | Noticed a two-headed ogre
  8106 | D:9      | Killed a two-headed ogre
  8182 | D:10     | Found a staircase to the Lair.
  8182 | D:10     | Noticed a death yak
  8182 | D:10     | Noticed a death yak
  8182 | D:10     | Noticed a death yak
  8196 | D:9      | Killed a death yak
  8196 | D:9      | Reached skill level 11 in Unarmed Combat
  8279 | D:9      | Killed a death yak
  8279 | D:9      | Reached XP level 11. HP: 95/109 MP: 10/10
  8612 | D:9      | Killed a death yak
  8811 | D:10     | Found Amiggaka's Weapon Emporium.
  9064 | D:10     | Found a runed translucent door.
  9064 | D:10     | Noticed a skeletal warrior
  9067 | D:10     | Noticed a catoblepas
  9068 | D:10     | Found a runed translucent door.
  9069 | D:10     | Identified the ring "Radynkui" {*Slow +Fly MR+ MP+9 Int+8}
  9070 | D:10     | Noticed Naew's ghost (novice GnSk)
  9071 | D:10     | Noticed a lich
  9071 | D:10     | Noticed a necromancer
  9073 | D:10     | Noticed a sphinx
  9073 | D:10     | Noticed a skeletal warrior
  9130 | D:10     | Noticed a two-headed ogre
  9138 | D:10     | Killed a two-headed ogre
  9138 | D:10     | Reached skill level 12 in Unarmed Combat
  9577 | D:11     | Found a staircase to the Orcish Mines.
 10884 | Orc:1    | Entered Level 1 of the Orcish Mines
 10904 | Orc:1    | Noticed an orc sorcerer
 10983 | Orc:1    | Killed an orc sorcerer
 10983 | Orc:1    | Reached skill level 13 in Unarmed Combat
 11001 | Orc:1    | Noticed a two-headed ogre
 11056 | D:11     | Killed a two-headed ogre
 11750 | D:12     | Noticed Psyche
 11760 | D:12     | Killed Psyche
 11820 | D:11     | Reached XP level 12. HP: 79/122 MP: 11/11
 11979 | D:12     | Noticed a two-headed ogre
 11984 | D:12     | Killed a two-headed ogre
 12072 | D:12     | Noticed a two-headed ogre
 12077 | D:12     | Killed a two-headed ogre
 12184 | D:12     | Found Tiymyod's Demolitions Depot.
 12267 | D:12     | Reached skill level 14 in Unarmed Combat
 12584 | D:12     | Gained mutation: You cannot be stealthy. [Ru sacrifice]
 12584 | D:12     | Reached * piety under Ru
 12748 | Lair:1   | Entered Level 1 of the Lair of Beasts
 12766 | Lair:1   | Got a jewelled morningstar
 12770 | Lair:1   | Identified the cursed +2 morningstar "Reojaggu" {freeze,
                  | *Rage rPois rC++ Int+2} (You found it on level 1 of the
                  | Lair of Beasts)
 13169 | Lair:1   | Noticed Gastronok
 13186 | Lair:1   | Killed Gastronok
 13308 | Lair:1   | Identified Taluviwa's Compendium of Darkness and Feathers
 13387 | Lair:1   | Noticed Fannar
 13471 | Lair:1   | Killed Fannar
 13690 | Lair:2   | Noticed a four-headed hydra
 13717 | Lair:2   | Killed a one-headed hydra
 13717 | Lair:2   | Reached skill level 15 in Unarmed Combat
 13789 | Lair:2   | Found a staircase to the Snake Pit.
 14345 | Lair:2   | Gained mutation: You cannot study or cast Ice magic. [Ru
                  | sacrifice]
 14345 | Lair:2   | Gained mutation: You cannot study or cast Necromancy magic.
                  | [Ru sacrifice]
 14345 | Lair:2   | Gained mutation: You cannot study or cast Conjurations
                  | magic. [Ru sacrifice]
 14345 | Lair:2   | Reached ** piety under Ru
 14793 | Lair:3   | Reached skill level 10 in Fighting
 14942 | Lair:3   | Reached XP level 13. HP: 122/133 MP: 12/12
 15036 | Lair:3   | Found a staircase to the Swamp.
 15261 | Lair:3   | Found a dark tunnel.
 15272 | Volcano  | Entered a volcano
 15897 | Lair:3   | Noticed Sonja
 15901 | Lair:3   | Killed Sonja
 16141 | Lair:4   | Noticed Nergalle
 16147 | Lair:4   | Killed Nergalle
 16317 | Lair:4   | Reached skill level 1 in Throwing
 16317 | Lair:4   | Reached skill level 1 in Armour
 16450 | Lair:4   | Found a gate leading to a gauntlet.
 16477 | Lair:4   | Gained mutation: You cannot train Dodging skill. [Ru
                  | sacrifice]
 16477 | Lair:4   | Reached *** piety under Ru
 16517 | Lair:4   | Reached skill level 16 in Unarmed Combat
 16532 | Gauntlet | Entered a Gauntlet
 16532 | Gauntlet | Found a transporter.
 16532 | Gauntlet | Found a transporter.
 16552 | Gauntlet | Found a transporter.
 16556 | Gauntlet | Found a transporter.
 16566 | Gauntlet | Found a transporter.
 16587 | Gauntlet | Found a transporter.
 16593 | Gauntlet | Found a transporter.
 16601 | Gauntlet | Found a transporter.
 16623 | Gauntlet | Found a transporter.
 16627 | Gauntlet | Found a transporter.
 16644 | Gauntlet | Found a transporter.
 16678 | Gauntlet | Found a transporter.
 16976 | Gauntlet | Got an ichor-stained cloak
 16977 | Gauntlet | Identified the +0 cloak of Discretion {rCorr MP-9 Dex+4
                  | Slay+4} (You found it in a Gauntlet)
 17039 | Gauntlet | Noticed a minotaur
 17043 | Gauntlet | Killed a minotaur
 17085 | Gauntlet | Identified Winuloly's Catalogue of Self-Knowledge
 17088 | Gauntlet | Identified the Guide on Transformation
 17091 | Gauntlet | Identified Pumoem's Incunabulum of Infinity
 18237 | Lair:5   | Found a staircase to the Slime Pits.
 18589 | Lair:6   | Entered Level 6 of the Lair of Beasts
 18612 | Lair:5   | Gained mutation: You are somewhat unskilled. (-1 Apt) [Ru
                  | sacrifice]
 18612 | Lair:5   | Reduced skill Unarmed Combat to level 15
 18612 | Lair:5   | Reached **** piety under Ru
 18612 | Lair:5   | Reached ***** piety under Ru
 18933 | Lair:6   | Reached skill level 10 in Fighting
 19041 | Lair:6   | Reached XP level 14. HP: 78/143 MP: 13/13
 19631 | Lair:6   | Identified 2 scrolls of acquirement
 19637 | Lair:6   | Got slimy shadow dragon scales
 19641 | Lair:6   | Got a shimmering shield
 19652 | Lair:6   | Identified the +0 shield of the Heavens {Regen+} (You
                  | acquired it on level 6 of the Lair of Beasts)
 19711 | Lair:6   | Identified the +0 shadow dragon scales of the Five Deaths
                  | {rN++ Str+2 Stlth++++} (You acquired it on level 6 of the
                  | Lair of Beasts)
 19886 | Lair:6   | Paralysed by a hornet for 1 turns
 20070 | Lair:6   | Found a runed translucent door.
 20192 | Lair:6   | Paralysed by a hornet for 1 turns
 20219 | Lair:6   | Gained mutation: Your casting is disrupted. [Ru sacrifice]
 20848 | D:13     | Noticed Azrael
 20861 | D:12     | Killed Azrael
 20892 | D:13     | Found Qoybaca's Magic Scroll Boutique.
 20932 | D:13     | Noticed Snorg
 20953 | D:13     | Killed Snorg
 20953 | D:13     | Reached skill level 16 in Unarmed Combat
 21468 | D:13     | Reached skill level 5 in Throwing
 22288 | D:14     | Found a gate to the Vaults.
 22316 | D:14     | Reached XP level 15. HP: 142/154 MP: 14/14
 22335 | D:14     | Reached skill level 5 in Armour
 22543 | D:14     | Noticed Rupert
 22552 | D:14     | Gained mutation: Your casting is seriously disrupted. [Ru
                  | sacrifice]
 22561 | D:14     | Killed Rupert
 23143 | Orc:2    | Entered Level 2 of the Orcish Mines
 23705 | Orc:2    | Found a staircase to the Elven Halls.
 23997 | Orc:2    | Found Ujuesalu's Book Emporium.
 23997 | Orc:2    | Found Bogestaq's Assorted Antiques.
 24082 | Orc:2    | Found a roughly hewn altar of Beogh.
 24228 | Orc:2    | Found Mizam's General Store.
 24228 | Orc:2    | Found Jafaq's General Store.
 24251 | Orc:2    | Bought a potion of heal wounds for 70 gold pieces
 24251 | Orc:2    | Bought a scroll of teleportation for 42 gold pieces
 24602 | D:13     | Bought a scroll of fear for 59 gold pieces
 24602 | D:13     | Bought a scroll of blinking for 127 gold pieces
 24602 | D:13     | Bought a scroll of fear for 59 gold pieces
 24602 | D:13     | Bought a scroll of teleportation for 51 gold pieces
 24602 | D:13     | Bought a scroll of fog for 34 gold pieces
 24602 | D:13     | Bought a scroll of identify for 34 gold pieces
 24602 | D:13     | Bought a scroll of identify for 34 gold pieces
 24743 | D:15     | Entered Level 15 of the Dungeon
 24998 | D:15     | Found a staircase to the Depths.
 25265 | D:14     | Reached skill level 17 in Unarmed Combat
 25877 | Swamp:1  | Entered Level 1 of the Swamp
 26787 | Swamp:2  | Noticed a thorn hunter
 26798 | Swamp:1  | Reached XP level 16. HP: 158/166 MP: 15/15
 26864 | Swamp:1  | Killed a thorn hunter
 27164 | Swamp:2  | Paralysed by a hornet for 1 turns
 28083 | Swamp:3  | Noticed a thorn hunter
 28133 | Swamp:2  | Killed a thorn hunter
 28267 | Swamp:3  | Noticed a thorn hunter
 28281 | Swamp:3  | Killed a thorn hunter
 28431 | Swamp:3  | Noticed a thorn hunter
 28440 | Swamp:3  | Killed a thorn hunter
 29062 | Swamp:4  | Entered Level 4 of the Swamp
 29062 | Swamp:4  | Noticed a thorn hunter
 29187 | Swamp:3  | Killed a thorn hunter
 29334 | Swamp:3  | Reached skill level 18 in Unarmed Combat
 30527 | Swamp:4  | Reached XP level 17. HP: 122/178 MP: 16/16
 31267 | Swamp:4  | Noticed the 27-headed Lernaean hydra
 31300 | Swamp:4  | Got a decaying rune of Zot
 31662 | Elf:1    | Entered Level 1 of the Elven Halls
 32328 | Snake:1  | Entered Level 1 of the Snake Pit
 32366 | Snake:1  | Found the +6 lightning scales {run, rElec}
 33484 | Snake:2  | Found Plog's General Store.
 33484 | Snake:2  | Found Tiacuej's Assorted Antiques.
 33546 | Snake:2  | Bought a scroll of acquirement for 780 gold pieces
 33547 | Snake:2  | Got an encrusted large shield
 33585 | Snake:2  | Identified the +5 large shield of Veucetont {Str+4} (You
                  | acquired it on level 2 of the Snake Pit)
 34104 | Snake:2  | Found a runed translucent door.
 34638 | Snake:3  | Found a runed translucent door.
 34638 | Snake:3  | Found a shimmering altar of Xom.
 34638 | Snake:3  | Noticed McKennaii's ghost (adept DrCj)
 35049 | Snake:4  | Entered Level 4 of the Snake Pit
 35102 | Snake:4  | Reached skill level 10 in Shields
 35125 | Snake:3  | Reached XP level 18. HP: 156/189 MP: 17/17
 35398 | Snake:4  | Reached skill level 19 in Unarmed Combat
 37146 | Snake:4  | Got a serpentine rune of Zot
 37946 | Elf:1    | Noticed an Ice Fiend
 38724 | Elf:2    | Found an ancient bone altar of Kikubaaqudgha.
 38791 | Elf:2    | Found a runed translucent gate.
 38791 | Elf:2    | Found a runed translucent gate.
 38791 | Elf:2    | Found a runed translucent gate.
 38891 | Elf:3    | Entered Level 3 of the Elven Halls
 39202 | Elf:3    | Reached XP level 19. HP: 96/198 MP: 18/18
 39216 | Elf:3    | Noticed Nikola
 39236 | Elf:3    | Killed Nikola
 39432 | Elf:3    | Identified the Grimoire of Combat Magic
 40880 | Elf:3    | Reached skill level 15 in Fighting
 40973 | Elf:3    | Found the +3 salamander hide armour {+Rage rF++}
 41045 | Elf:3    | Got a fine golden ring
 41046 | Elf:3    | Identified the ring "Niapt" {Ice rN+ Stlth+} (You found it
                  | on level 3 of the Elven Halls)
 41101 | Elf:3    | Found the +2 robe of Vines {NoPotionHeal Regen+7}
 41292 | Elf:3    | Identified the Grimoire of Doomed Calling
 41311 | Elf:3    | Identified the Grimoire of Weightlessness and Toxins
 42066 | Vaults:1 | Entered Level 1 of the Vaults
 42533 | Orc:2    | Bought 2 boomerangs for 14 gold pieces
 42924 | Vaults:1 | Reached skill level 20 in Unarmed Combat
 43151 | Vaults:1 | Reached XP level 20. HP: 201/210 MP: 19/19
 43168 | Vaults:1 | Found a portal to a secret trove of treasure.
 43683 | Vaults:1 | You paid a toll of 15 scrolls of teleportation to enter a
                  | treasure trove
 43684 | Trove    | Entered a treasure trove
 43766 | Trove    | Reached XP level 21. HP: 218/218 MP: 20/20
 43997 | Vaults:2 | Found a ruined gateway.
 44015 | Desolati | Entered the Desolation of Salt
 45087 | Desolati | Identified the ring of Agnosticism {+Fly AC+5 Dex+4}
 45131 | Desolati | Identified the Papyrus of Cloudy Sinister Arts
 45132 | Desolati | Found the +11 plutonium sword {*Contam Stlth-}
 45147 | Desolati | Identified Sif Muna's Catalogue of Dark Attacks
 45215 | Desolati | Identified the Disquisition on Supportive Ice
 45222 | Desolati | Got a scorched platinum ring
 45233 | Desolati | Identified the ring of Elitism {+Inv +Fly Str+3 Dex-2
                  | Stlth+} (You found it in the Desolation of Salt)
 45316 | Desolati | Got a smoking pewter amulet
 45317 | Desolati | Identified the amulet of Xair {Faith Str+3} (You found it
                  | in the Desolation of Salt)
 45323 | Desolati | Identified Opezitze's Papyrus of Ice and Necromancy
 45860 | Vaults:2 | Reached skill level 15 in Shields
 46210 | Vaults:2 | Found Qievom's Book Emporium.
 46414 | Vaults:2 | Got a pitted cloak
 46415 | Vaults:2 | Identified the +4 cloak of Nosmiorgh {MR- Str+9} (You found
                  | it on level 2 of the Vaults)
 46863 | Vaults:3 | Reached XP level 22. HP: 163/230 MP: 21/21
 47075 | Vaults:3 | Found a staircase to the Crypt.
 47102 | Vaults:3 | Found Yfuowk's Distillery.
 47833 | Vaults:3 | You fall into a shaft and drop 1 floor!
 47833 | Vaults:4 | Found a roughly hewn altar of Beogh.
 47872 | Vaults:4 | Paralysed by a sphinx for 6 turns
 47875 | Vaults:4 | HP: 9/231 [yaktaur captain/bolt (15)]
 47876 | Vaults:4 | Slain by a vault warden

Levels and vault maps discovered:
D:1:      tarquinn_simple_flora_water_f, layout_basic
D:2:      layout_loops_ring, fiery_altar_vehumet, serial_co_window_serial,
          co_window_paths_a, co_window_corner_a, co_window_corner_a,
          co_window_paths_b, co_window_paths_a, co_window_paths_c,
          co_window_broadway_c, co_window_of_opportunity_b, co_window_2corner,
          co_window_paths_c, co_window_cross_4, glass_columns_b,
          glass_columns_b, grunt_ministairs_12, grunt_gozag_statues,
          uniq_terence
D:3:      minmay_recursive_quarters, layout_basic, first_ration,
          corexii_item_surrounded_by_moat, uniq_robin
D:4:      layout_loops_corners, kennysheep_mini, grunt_qazlal_sundering
D:5:      layout_basic, kennysheep_little_box, led_sif_pool
D:6:      layout_rooms, yredelemnul_altar_generic,
          minmay_temple_entry_statues_pillars
D:7:      layout_gridville, serial_shops, shop, grunt_ogre_cave,
          uniq_crazy_yiuf_cottage
D:8:      layout_basic
D:9:      layout_irregular_city, overflow_temple_1_default,
          kennysheep_mini_moat, basic_altar
D:10:     layout_irregular_city, dpeg_lair_monsters,
          muffindrake_ghost_dual_entry, serial_shops, nicolae_shop_stone
D:11:     layout_layer_cave, zombieorc2_lemuel, chequers_hall_statues_wall_a
D:12:     layout_gridville, grunt_ministairs_4, nicolae_blasting_shop,
          uniq_psyche
D:13:     layout_layer_cave, serial_shops, shop, uniq_azrael, uniq_snorg
D:14:     layout_basic, lightli_vaults_fourway_checkpoint,
          minmay_strange_pillars, uniq_rupert
D:15:     grunt_enter_depths_hoard, layout_irregular_city,
          hangedman_decor_opposing
Temple:   nicolae_temple_elliptical
Lair:1:   layout_roguey, uniq_fannar, uniq_gastronok
Lair:2:   layout_cave_pods, guppyfry_snake_entry_island, serial_bayou_shore_a
Lair:3:   layout_chaotic_city, swamp_mist, enter_volcano_4, uniq_sonja
Lair:4:   layout_cave_pods, gauntlet_entry_generic,
          chequers_serial_rivers_micro_c, lemuel_fruit_fields, uniq_nergalle
Lair:5:   layout_roguey, minmay_slime_entry_jelly_boxes, grunt_megastairs_1,
          lemuel_fruit_fields
Lair:6:   wormcave, layout_concentric_octagons, hangedman_lair_tendril_chambers,
          serial_bayou_lake_a, lemuel_fruit_tree
Swamp:1:  layout_basic_swamp, evilmike_swamp_ruin_rubble_1, swamp_pool1,
          nicolae_swamp_necromancer_hut
Swamp:2:  layout_falls_marsh, evilmike_swamp_ruin_house_4
Swamp:3:  layout_basic_swamp, hangedman_swamp_ruin_wall, lightli_tree_ring,
          infiniplex_staircase_pool_2
Swamp:4:  grunt_swamp_rune_castle, layout_basic_swamp, swamp_pool4,
          infiniplex_staircase_pool
Snake:1:  layout_grid_maze, st_stairs_8
Snake:2:  cheibrodos_toxic_ritual, layout_onion, minmay_shoptagon
Snake:3:  layout_rooms, ebering_ghost_xom
Snake:4:  grunt_snake_rune_pools, layout_misc_corridors, drop_trap,
          hangedman_snake_thin_pillar_pass, serial_bayou_pond_d
Orc:1:    layout_caves
Orc:2:    st_orc_town, layout_caves
Elf:1:    layout_loops_cross, minivault_28, minmay_misc_feat_ornament
Elf:2:    layout_rooms, basic_altar
Elf:3:    minmay_elf_hall, layout_loops_corners, minmay_elf_annihilation,
          uniq_nikola
Vaults:1: ontoclasm_vaults_ring_small, vaults_room_corners,
          nicolae_vaults_shelves_hall, nicolae_vaults_circle_grid_b,
          ontoclasm_vaults_gateway, nicolae_vaults_diagonal_hallway_7,
          v_misc_16, nicolae_vaults_little_squares_3,
          nicolae_vaults_big_angled_halls, v_misc_5,
          nicolae_vaults_little_squares_4, v_misc_27, layout_vaults_maze_bifur,
          enter_trove_5
Vaults:2: hangedman_vaults_slither, nicolae_vaults_murderbox,
          nicolae_vaults_three_branches, vaults_room_pool,
          layout_vaults_omnigrid, portal_desolation_entry_nicolae_nacl,
          serial_shops, shop
Vaults:3: nicolae_vaults_twisting_passages, vaults_room_pools, v_misc_9,
          vaults_standard_mumra_enter_the_diamond, v_pattern_3,
          hangedman_vaults_unwind, nicolae_vaults_network_quinsquares
          [nicolae_vaults_network_quincunx_subvault,
          nicolae_vaults_network_quincunx_subvault,
          nicolae_vaults_network_quincunx_subvault,
          nicolae_vaults_network_quincunx_subvault], st_smaller_cells,
          minmay_crypt_entry_simple_round, vaults_dpeg_ring, vaults_dpeg_cross,
          grunt_vaults_hallway_short, layout_vaults_omnicross, serial_shops,
          shop
Vaults:4: v_misc_31, ontoclasm_vaults_tryst, v_misc_4, vaults_mumra_lcd,
          nicolae_vaults_little_squares_3, hangedman_vaults_slice,
          nicolae_vaults_little_squares_2, v_misc_11, v_alt_pattern_1,
          nicolae_vaults_ninety_degrees, v_pattern_1, special_room_vaults
          [special_room_orc], nicolae_vaults_theta, vaults_dpeg_diagonal,
          vaults_room_stairs_pillars, ontoclasm_vaults_twist,
          layout_vaults_omnibox, basic_altar, serial_shops, bzr_entry_road,
          uniq_xtahua, uniq_sojobo

Skill      XL: |  1  2  3  4  5  6  7  8  9 10 11 12 13 14 15 16 17 18 19 20 21 22 |
---------------+-------------------------------------------------------------------+-----
Shields        | 3 4 5 6 8 9 8 9 10 11 13 14 15 | 15.7
Unarmed Combat | 3 4 5 6 7 9 11 13 15 15 16 17 18 19 20 | 20.8
Fighting       | 3 4 5 6 7 8 10 10 11 12 13 14 15 16 | 16.1
Throwing       | 3 5 7 |  7.7
Armour         | 3 4 5 6 7 |  7.1
Dodging        | 0 |  0.0

Action                   |  1- 3 |  4- 6 |  7- 9 | 10-12 | 13-15 | 16-18 | 19-21 | 22-24 || total
-------------------------+-------+-------+-------+-------+-------+-------+-------+-------++-------
Melee: Unarmed           |    77 |   247 |   395 |   564 |  1202 |  1248 |  1096 |   168 ||  4997
       War axe           |       |       |       |     5 |       |       |       |       ||     5
       Scimitar          |       |       |       |       |    41 |    71 |       |       ||   112
 Fire: Hunting sling     |       |     4 |       |       |       |       |       |       ||     4
Throw: Large rock        |       |       |     1 |     1 |     3 |     7 |       |     1 ||    13
       Dart              |       |       |     1 |     1 |     2 |       |       |       ||     4
       Stone             |       |       |       |       |     1 |     1 |       |       ||     2
 Cast: Beastly Appendage |       |       |     1 |       |       |       |       |       ||     1
Invok: Sacrifice Essence |       |       |     1 |       |     2 |       |       |       ||     3
       Reject Sacrifices |       |       |       |     1 |     1 |     2 |     1 |       ||     5
       Sacrifice Stealth |       |       |       |     1 |       |       |       |       ||     1
       Sacrifice Arcana  |       |       |       |     1 |       |       |       |       ||     1
       Sacrifice Nimblen |       |       |       |       |     1 |       |       |       ||     1
       Sacrifice Skill   |       |       |       |       |     1 |       |       |       ||     1
       Power Leap        |       |       |       |       |     1 |    24 |     2 |     1 ||    28
       Apocalypse        |       |       |       |       |       |     2 |       |     1 ||     3
Evoke: Wand              |       |       |     5 |     3 |     6 |     2 |     3 |       ||    19
  Use: Scroll            |       |       |     6 |    14 |    18 |     3 |     7 |     2 ||    50
       Potion            |       |       |       |       |     1 |     2 |     2 |     1 ||     6
 Stab: Sleeping          |     1 |     1 |     2 |     1 |       |       |       |       ||     5
       Paralysed         |       |       |       |     3 |     1 |     2 |     5 |       ||    11
       Invisible         |       |       |       |       |     9 |    13 |     8 |     3 ||    33
       Distracted        |       |       |       |       |     2 |     6 |     4 |     1 ||    13
  Eat: Chunk             |    12 |    21 |    40 |    69 |   109 |    91 |    68 |     9 ||   419
       Ration            |       |       |       |       |     1 |     7 |       |       ||     8
Armor: Robe              |    27 |    67 |    68 |    83 |     1 |     8 |    11 |       ||   265
       Fire dragon scale |       |       |       |       |   101 |       |       |       ||   101
       Shadow dragon sca |       |       |       |       |   272 |   497 |   137 |    22 ||   928
Dodge: Dodged            |    23 |    60 |    87 |   106 |   167 |   217 |    65 |     9 ||   734
Block: Shield            |    51 |    89 |   213 |   325 |   737 |   507 |       |       ||  1922
       Reflection        |       |       |    11 |    21 |    41 |    21 |    58 |     8 ||   160
       Large shield      |       |       |       |       |       |   504 |   965 |   171 ||  1640
       Rpst.: Scimitar   |       |       |       |       |     3 |     8 |       |       ||    11
